 Dungeon Crawl Stone Soup version 0.23.0 (webtiles) character file.

Game seed: 7452949880748723931

1562 Murks the Basher (level 8, -2/83 HPs)
             Began as an Ogre Monk on Feb 17, 2019.
             Was a Believer of Okawaru.
             Slain by a troll (9 damage)
             ... on level 7 of the Dungeon.
             The game lasted 00:33:14 (7549 turns).

Murks the Basher (Ogre Monk)                        Turns: 7549, Time: 00:33:14

Health: -2/83      AC:  4    Str: 17 (18) XL:     8   Next: 89%
Magic:  8/8        EV: 11    Int:  8 (11) God:    Okawaru [**....]
Gold:   305        SH:  0    Dex: 10 (11) Spells: 7/7 levels left

rFire    . . .     SeeInvis .   F - +0 giant spiked club
rCold    . . .     Gourm    .   (shield currently unavailable)
rNeg     . . .     Faith    .   b - +0 robe
rPois    .         Spirit   .   (helmet restricted)
rElec    .         Reflect  .   o - +0 cloak
rCorr    .         Harm     .   (gloves unavailable)
MR       .....                  (boots unavailable)
Stlth    ++........             (no amulet)
HPRegen  0.23/turn              (no ring)
MPRegen  0.11/turn              (no ring)

@: lethally poisoned (-2 -> -3), flying
A: large, unfitting armour, tough skin 1
a: Heroism, Renounce Religion


You were on level 7 of the Dungeon.
You worshipped Okawaru.
Okawaru was pleased with you.
You were hungry.

You visited 2 branches of the dungeon, and saw 8 of its levels.
You also visited: Sewer.

You collected 305 gold pieces.

Inventory:

Hand Weapons
 p - a +0 hunting sling
 t - a +1 mace of draining
 F - a +0 giant spiked club (weapon)
Missiles
 j - 153 stones
 C - 3 large rocks (quivered)
 E - 2 tomahawks
Armour
 b - a +0 robe (worn)
 o - a +0 cloak (worn)
Jewellery
 k - an uncursed ring of positive energy {unknown}
 u - a cursed ring of attention {unknown}
Wands
 s - a wand of flame (7)
Scrolls
 d - 2 scrolls of remove curse {unknown}
 f - 2 scrolls of enchant armour {unknown}
 g - 6 scrolls of identify {unknown}
 i - 2 scrolls of magic mapping {unknown}
 n - a scroll of noise {unknown}
 r - a scroll of random uselessness {unknown}
 v - a scroll of enchant weapon {unknown}
 w - a scroll of fog {unknown}
 y - 2 scrolls of blinking {unknown}
 A - 2 scrolls of teleportation {unknown}
 G - a scroll of immolation {unknown}
Potions
 e - 2 potions of degeneration
 h - a potion of flight
 l - a potion of curing {unknown}
 m - a potion of mutation {unknown}
 q - a potion of might {unknown}
 x - 2 potions of resistance {unknown}
 B - a potion of agility {unknown}
 D - a potion of berserk rage {unknown}
Comestibles
 c - 8 rations


   Skills:
 - Level 6.0 Fighting
 * Level 9.0 Maces & Flails
 - Level 2.2 Throwing
 - Level 4.0 Dodging
 - Level 1.4 Stealth


You had 7 spell levels left.
You didn't know any spells.
Your spell library contained the following spells:

 Spells                   Type           Power        Failure   Level  Hunger
 Ignite Poison            Fire/Tmut/Pois #.......     78%         3    ####...
 Summon Guardian Golem    Hex/Summ       #.......     78%         3    ####...
 Summon Demon             Summ           #.........   100%        5    ######.
 Dragon's Call            Summ           #.........   100%        9    #######


Dungeon Overview and Level Annotations

Branches:
Dungeon (7/15)             Temple (1/1) D:5

Altars:
Cheibriados
Dithmenos
Elyvilon
Fedhas
Hepliaklqana
Kikubaaqudgha
Makhleb
Nemelex Xobeh
Okawaru
Ru
Sif Muna
Trog
Uskayaw
Vehumet
Wu Jian
Xom
Zin
The Shining One

Shops:
D:6 }


Innate Abilities, Weirdness & Mutations

You are too large for most types of armour.
You have tough skin. (AC +1)


Message History

The jackal barely misses you.
The jackal bites you but does no damage.
The jackal closely misses you. The troll closely misses you.
The troll barely misses you. The troll claws you.
* * * LOW HITPOINT WARNING * * *
The adder barely misses you.
You barely miss the troll.
You feel sick.
The jackal bites you but does no damage.
The jackal barely misses you. The jackal closely misses you.
The adder barely misses you. The troll bites you!
* * * LOW HITPOINT WARNING * * *
The troll claws you but does no damage. The troll closely misses you.
The jackal barely misses you.
The jackal bites you but does no damage. x2
The adder bites you but does no damage.
You closely miss the troll.
The jackal bites you but does no damage.
The jackal misses you. The jackal barely misses you.
The troll barely misses you. x2; The troll claws you!
You die...

#+#
##.##
##...##
#.....#
..⌠..
#...#
#.S.#
#.@h#


#hTh# #...# ..⌠.. #.....# ##...## ##.## #+# You could see a troll, an adder and
3 jackals.

Vanquished Creatures
  Edmund (D:6)
  2 phantoms
  2 ogres (D:5)
  4 bullfrogs
  A scorpion (D:6)
  A crimson imp (D:5)
  A jelly (D:5)
  6 orc priests
  5 orc wizards
  A centaur skeleton (D:4)
  2 hounds
  An iguana (D:4)
  2 worker ants (D:4)
  10 adders
  6 oozes
  10 worms
  3 leopard geckos
  20 orcs
  6 ball pythons
  6 bats
  14 giant cockroaches
  5 goblins
  4 hobgoblins
  7 jackals
  3 quokkas
  5 frilled lizards
  4 kobolds
  A leopard gecko zombie (D:6)
  A quokka skeleton (D:4)
  6 rats
140 creatures vanquished.

Notes
Turn   | Place    | Note
-------+----------+-------------------------------------------
     0 | D:1      | Murks the Ogre Monk began the quest for the Orb.
     0 | D:1      | Reached XP level 1. HP: 24/24 MP: 1/1
     1 | D:1      | Found a runed translucent door.
   445 | D:1      | Reached skill level 3 in Maces & Flails
   452 | D:1      | Reached XP level 2. HP: 24/32 MP: 2/2
   602 | D:1      | Reached XP level 3. HP: 29/39 MP: 3/3
   740 | D:1      | Reached skill level 4 in Maces & Flails
  1287 | D:2      | Reached XP level 4. HP: 39/48 MP: 4/4
  1341 | D:2      | Noticed a +0 hand axe
  1341 | D:2      | Noticed a +0 hand axe
  1345 | D:2      | Found a hide-covered altar of Uskayaw.
  2334 | D:3      | Found a faded altar of an unknown god.
  2406 | D:3      | Reached skill level 5 in Maces & Flails
  2406 | D:3      | Reached XP level 5. HP: 32/54 MP: 5/5
  3694 | D:3      | Reached skill level 6 in Maces & Flails
  3694 | D:3      | Reached XP level 6. HP: 31/62 MP: 6/6
  4303 | D:4      | Found a shadowy altar of Dithmenos.
  4626 | D:4      | Found a glowing drain.
  4669 | Sewer    | Entered a sewer
  4734 | Sewer    | Reached skill level 7 in Maces & Flails
  4780 | Sewer    | Reached XP level 7. HP: 70/70 MP: 7/7
  5401 | D:4      | Found an ancient bone altar of Kikubaaqudgha.
  5513 | D:4      | Reached skill level 8 in Maces & Flails
  5723 | D:5      | Entered Level 5 of the Dungeon
  5916 | D:5      | Reached skill level 1 in Throwing
  6002 | D:5      | Reached XP level 8. HP: 72/79 MP: 8/8
  6300 | D:5      | Reached skill level 5 in Fighting
  6314 | D:5      | Found a staircase to the Ecumenical Temple.
  6588 | Temple   | Entered the Ecumenical Temple
  6594 | Temple   | Became a worshipper of Warmaster Okawaru
  6594 | Temple   | Reached * piety under Okawaru
  6594 | Temple   | Reached ** piety under Okawaru
  7039 | D:6      | Noticed Edmund
  7046 | D:6      | Killed Edmund
  7052 | D:6      | Identified the Compendium of Supportive Toxins
  7058 | D:6      | Found Neicruo's Gadget Boutique.
  7387 | D:6      | Reached skill level 9 in Maces & Flails
  7401 | D:6      | Found a hazy altar of Hepliaklqana.
  7539 | D:7      | Noticed a troll
  7549 | D:7      | Slain by a troll

Skill      XL: |  1  2  3  4  5  6  7  8 |
---------------+-------------------------+-----
Maces & Flails | 3 4 5 6 7 8 9 |  9.0
Throwing       | 1 2 |  2.2
Dodging        | 3 4 |  4.0
Fighting       | 6 |  6.0
Stealth        | |  1.4

Action                   |  1- 3 |  4- 6 |  7- 9 || total
-------------------------+-------+-------+-------++-------
Melee: Mace              |   129 |   212 |   150 ||   491
       Giant spiked club |       |       |    20 ||    20
Throw: Stone             |     8 |    94 |    40 ||   142
       Tomahawk          |       |    37 |    41 ||    78
       Large rock        |       |       |     9 ||     9
Evoke: Wand              |       |       |     7 ||     7
  Use: Potion            |       |       |     4 ||     4
 Stab: Sleeping          |     1 |       |     3 ||     4
       Distracted        |       |       |     1 ||     1
  Eat: Chunk             |       |    12 |     9 ||    21
Armor: Robe              |    33 |    64 |    61 ||   158
Dodge: Dodged            |    79 |   112 |   115 ||   306
